Workbook

Sheet Instructions
A1: Fields in yellow are for data entry. Use the links below the form content to advance to the next section, or navigate from section to section using the Sheet Tabs in the lower left of the screen.
C2: Indiana Supreme Court
C3: Office of Court Services
C4: Family Court
C5: ANNUAL REPORT
C6: January 1, 2021-December 31, 2021
A7: Instructions for Completing the Family Court Annual Report
A8: 1 | B8: Every instruction on this sheet must be followed. If any are not followed, the report may be returned to the sender with instructions to correct the report and resubmit a properly completed report.
A9: 2 | B9: Reporting Period: The calendar year, from January 1 to December 31, as identified in the heading of each sheet of this report.
A10: Instructions: Introduction sheet
A11: 3 | B11: Title of Project: Enter the title of the project as identified in the Grant Application to which these grant dollars relate.
A12: 4 | B12: Person Preparing Report: This is the name and contact information for the person that should be contacted regarding the information contained within this report.
A13: 5 | B13: Date Report Prepared: This is the date when the properly completed report has been emailed to the Family Court Manager as an Excel (.xls, .xlsx, or .xlsm) spreadsheet attached to an email. If a report has been sent back for failure to follow any instruction properly, the "Date Report Prepared" must be changed to follow this instruction.
A14: 6 | B14: Notes: This section is provided in order for any additional qualitative information to be provided that the report preparer believes is necessary to fully understand the responses provided throughout the report. This field is optional, unless otherwise indicated by these Instructions.
A15: Instructions: Financial Report p.1 sheet
A16: 7 | B16: Income Category - Proposed Budget Current Year: The income numbers entered into cells under this column should be taken directly from your approved grant application (for first year annual reports only) or from the "Income Category - Anticipated Budget Next Year" income numbers entered into your annual report from last year.
A17: a | C17: Family Court Grant Amount: Enter the dollar amount of your Family Court grant request from your proposed grant application (for first year annual reports only) or from the "Income Category - Anticipated Budget Next Year" "Family Court Grant Amount" entered into your annual report from last year.
A18: b | C18: Amount Carried Over from Prior Year (if any): Enter "0" or do not enter anything if this report is the first year annual report, or enter the value from the "Income Category - Anticipated Budget Next Year" "Amount Carried Over from Prior Year (if any)" that was automatically calculated on your annual report from last year.
A19: c | C19: County Funds Spent (not from FC Grant): Enter the total dollar amount from the "Other" column listed in the "Project Budget" chart of your Family Court Grant Application that is expected to be derived from the county itself (for first year annual reports only) or from the "Income Category - Anticipated Budget Next Year" "County Funds Spent (not from FC Grant)" entered into your annual report from last year.
A20: d | C20: County In-Kind Contribution (not money): Enter the dollar amount that is expected to be contributed by the County from the "In-Kind" column listed in the "Project Budget" chart of your Family Court Grant Application (for first year annual reports only) or from the "Income Category - Anticipated Budget Next Year" "County In-Kind Contribution (not money)" entered into your annual report from last year.
A21: e | C21: Other In-Kind Contribution (not money) (please specify below): Enter the dollar amount that is expected to be contributed from non-county sources from the "In-Kind" column listed in the "Project Budget" chart of your Family Court Grant Application (for first year annual reports only) or from the "Income Category - Anticipated Budget Next Year" Other In-Kind Contribution (not money)" entered into your annual report from last year.
A22: f | C22: Other Income Spent (please specify below): Enter the total dollar amount from the "Other" column listed in the "Project Budget" chart of your Family Court Grant Application that is expected to be derived from non-county sources (for first year annual reports only) or from the "Income Category - Anticipated Budget Next Year" "Other Income Spent (please specify below)" entered into your annual report from last year.
A23: 8 | B23: Income Category - Actual Income Current Year: The income numbers entered into cells under this column are the actual income numbers for the grant program this reporting period.
A24: a | C24: Family Court Grant Amount: Enter the dollar amount of your Family Court grant award for this reporting period.
A25: b | C25: Amount Carried Over from Prior Year (if any): Enter "0" or do not enter anything if this report is the first year annual report, or enter the value from the "Income Category - Anticipated Budget Next Year" "Amount Carried Over from Prior Year (if any)" that was automatically calculated on your annual report from last year.
A26: c | C26: County Funds Spent (not from FC Grant): Enter the total dollar amount that was contributed by the county itself and spent by the program for this reporting period. (Do not include FC grant dollars here, or in-kind contributions from the county or otherwise, or dollars contributed from other non-county sources.)
A27: d | C27: County In-Kind Contribution (not money): Enter the total dollar value of in-kind contributions from the county for this reporting period. (Do not include FC grant dollars here, or county dollars contributed, or dollars contributed from other non-county sources.)
A28: e | C28: Other In-Kind Contribution (not money) (please specify below): Enter the total dollar value of in-kind contributions from non-county sources for this reporting period. (Do not include FC grant dollars here, or county dollars contributed, or dollars contributed from other non-county sources.)
A29: f | C29: Other Income Spent (please specify below): Enter the total dollar amount that was contributed by non-county sources and spent by the program for this reporting period. (Do not include FC grant dollars here, or in-kind contributions from the county or otherwise, or dollars contributed by the county.)
A30: 9 | B30: Income Category - Anticipated Budget Next Year: The income numbers entered into cells under this column are the anticipated income numbers for the grant program for the year after this reporting period.
A31: a | C31: Family Court Grant Amount: Enter the dollar amount of your Family Court grant request from the proposed grant application you submitted during this reporting period to be awarded and spent during the year following this reporting period.
A32: b | C32: Amount Carried Over from Prior Year (if any): You are unable to enter a value here. This number is automatically calculated on your annual report based on the income and expenditures entered on this annual report.
A33: c | C33: County Funds Spent (not from FC Grant): Enter the total dollar amount from the "Other" column listed in the "Project Budget" chart from the proposed FC grant application you submitted during this reporting period to be awarded and spent during the year following this reporting period (only if you submitted a grant application to continue this program) or the total dollar amount of county dollars you anticipate the county will contribute and will be spent during the year following this reporting period.
A34: d | C34: County In-Kind Contribution (not money): Enter the dollar amount that is expected to be contributed by the County from the "In-Kind" column listed in the "Project Budget" chart from the proposed FC grant application you submitted during this reporting period to be awarded and spent during the year following this reporting period (only if you submitted a grant application to continue this program) or the total dollar value of in-kind contributions you anticipate the county will contribute during the year following this reporting period.
A35: e | C35: Other In-Kind Contribution (not money) (please specify): Enter the dollar amount that is expected to be contributed from non-county sources from the "In-Kind" column listed in the "Project Budget" chart from the proposed FC grant application you submitted during this reporting period to be awarded and spent during the year following this reporting period (only if you submitted a grant application to continue this program) or the total dollar value of in-kind contributions you anticipate non-county sources will contribute during the year following this reporting period.
A36: f | C36: Other Income Spent (please specify below): Enter the total dollar amount from the "Other" column listed in the "Project Budget" chart from the proposed FC grant application you submitted during this reporting period to be awarded and spent during the year following this reporting period (only if you submitted a grant application to continue this program) or the total dollar amount of non-county dollars you anticipate will contributed and will be spent during the year following this reporting period.
A37: Instructions: Financial Report p.2 sheet
A38: 10 | B38: Personnel - Employees and Contract Personnel: Do not sum the total expenses of employees or contract personnel into one collective expense. For example, if the grant dollars support more than one employee, each employee must be listed by name on a separate line. Also, if the grant dollars support more than one contracted personnel, do not add up all dollars paid to the various contracted personnel and list them as "Mediators" with a sum of all dollars spent toward those various personnel. List each contracted personnel by name on a separate line. Additional lines are provided on "Additional Personnel p.2a."
A39: 11 | B39: Expense Category - Proposed Budget Current Year: The expense numbers entered into cells under this column should be taken directly from your approved grant application (for first year annual reports only) or from the Expense Category - Anticipated Budget Next Year" expense numbers entered into your annual report from last year.
A40: a | C40: Personnel Expenditures - Personnel Name/Title: Enter the name and title of any employee personnel whose salary and/or benefits were projected to be paid (in whole or in part) by any of the dollars reported on this report, Financial Report p.1, from the "Income Category - Proposed Budget Current Year".
A41: b | C41: Personnel Expenditures - Dollar Amount Spent: Enter the total amount of money for employee personnel salary and/or benefits that were projected to be paid (in whole or in part) by any of the dollars reported on this report, Financial Report p.1, from the "Income Category - Proposed Budget Current Year".
A42: c | C42: Personnel Expenditures - Contract Personnel: Enter the name and title of any contract personnel whose wages were projected to be paid (in whole or in part) by any of the dollars reported on this report, Financial Report p.1, from the "Income Category - Proposed Budget Current Year".
A43: d | C43: Personnel Expenditures - Contract Personnel Dollar Amount Spent: Enter the total amount of money for contract personnel wages that were projected to be paid (in whole or in part) by any of the dollars reported on this report, Financial Report p.1, from the "Income Category - Proposed Budget Current Year".
A44: e | C44: Non-Personnel Expenditures - Dollar Amount Spent: Enter the total amount of money for each of the non-personnel expenditure types that were projected to be paid (in whole or in part) by any of the dollars reported on this report, Financial Report p.1, from the "Income Category - Proposed Budget Current Year". Do not include any in-kind expenditures.
A45: 12 | B45: Expense Category - Actual Expenditures Current Year: The expense numbers entered into cells under this column are the actual expenditure numbers for the grant program for this reporting period.
A46: a | C46: Personnel Expenditures - Personnel Name/Title: Enter the name and title of any employee personnel whose salary and/or benefits were actually paid (in whole or in part) by any of the dollars reported on this report, Financial Report p.1, from the "Income Category - Actual Income Current Year".
A47: b | C47: Personnel Expenditures - Dollar Amount Spent: Enter the total amount of money for employee personnel salary and/or benefits that were actually paid (in whole or in part) by any of the dollars reported on this report, Financial Report p.1, from the "Income Category - Actual Income Current Year". Only include the dollars that are included in this report.
A48: c | C48: Personnel Expenditures - Contract Personnel: Enter the name and title of any contract personnel whose wages were actually paid (in whole or in part) by any of the dollars reported on this report, Financial Report p.1, from the "Income Category - Actual Income Current Year".
A49: d | C49: Personnel Expenditures - Contract Personnel Dollar Amount Spent: Enter the total amount of money for contract personnel wages that were actually paid (in whole or in part) by any of the dollars reported on this report, Financial Report p.1, from the "Income Category - Actual Income Current Year". Only include the dollars that are included in this report.
A50: e | C50: Non-Personnel Expenditures - Dollar Amount Spent: Enter the total amount of money for each of the non-personnel expenditure types that were actually paid (in whole or in part) by any of the dollars reported on this report, Financial Report p.1, from the "Income Category - Actual Income Current Year". Do not include any in-kind expenditures. Only include the dollars that are included in this report.
A51: 13 | B51: Expense Category - Proposed Budget Next Year: The expense numbers entered into cells under this column are the anticipated expenditure numbers for the grant program for the year after this reporting period.
A52: a | C52: Personnel Expenditures - Personnel Name/Title: Enter the name and title of any employee personnel whose salary and/or benefits are projected to be paid (in whole or in part) by any of the dollars reported on this report, Financial Report p.1, from the "Income Category - Proposed Budget Next Year".
A53: b | C53: Personnel Expenditures - Dollar Amount Spent: Enter the total amount of money for employee personnel salary and/or benefits that are projected to be paid (in whole or in part) by any of the dollars reported on this report, Financial Report p.1, from the "Income Category - Proposed Budget Next Year".
A54: c | C54: Personnel Expenditures - Contract Personnel: Enter the name and title of any contract personnel whose wages are projected to be paid (in whole or in part) by any of the dollars reported on this report, Financial Report p.1, from the "Income Category - Proposed Budget Next Year".
A55: d | C55: Personnel Expenditures - Contract Personnel Dollar Amount Spent: Enter the total amount of money for contract personnel wages that are projected to be paid (in whole or in part) by any of the dollars reported on this report, Financial Report p.1, from the "Income Category - Proposed Budget Next Year".
A56: e | C56: Non-Personnel Expenditures - Dollar Amount Spent: Enter the total amount of money for each of the non-personnel expenditure types that are projected to be paid (in whole or in part) by any of the dollars reported on this report, Financial Report p.1, from the "Income Category - Proposed Budget Next Year". Do not include any in-kind expenditures.
A57: Instructions: Additional Personnel p.2a sheet
A58: 14 | B58: Additional Personnel: This section is where any personnel expenditures that do not have sufficient space to fit on Financial Report p.2 will be reported. This includes both employees as well as contracted personnel. Follow Instructions 11a - 11d, 12a - 12d, and 13a - 13d to complete this section.
A59: Instructions: Data Report p.3 sheet
A60: 15 | B60: Dollars Must have been spent: All data to be included in this report on Data Report p.3, Data Report p.4, and/or Data Report p.5, must only include data that relates to individuals, families, and cases which were provided some service that required the expenditure of dollars reported on Financial Report p.1 and Financial Report p.2 of this reporting period's report.
A61: 16 | B61: All data must be tracked: All data to be included in this report on Data Report p.3, Data Report p.4, and/or Data Report p.5, must be tracked by the grantee. If any section is not tracked, an explanation must be submitted within the Notes section of the Introduction sheet to this report.
A62: 17 | B62: Unknown/No Data: If any number above zero (0) is entered any of these cells an explanation must be provided within the Notes section of the Introduction sheet to this reporting period's report. Any response that is substantially similar to, "This data wasn't tracked" will be considered unacceptable and the report may be returned with instructions to correct the report pursuant to Instruction 1.
A63: 18 | B63: Overview of Family Court Programming: The data entered in this section is the source for each of the sections below for Data Report p.3, for Data Report p.4, and for Data Report p.5. The totals from corresponding sections must be equal. For example: If "50 " is entered for Instruction 18(a) ("Total Children Served"), the sum of all of the values entered for Instruction 19, into the various "Race/Ethnicity of Children Served" cells for Data Report p.3 must also equal "50." Additionally, the total from the "New Families Served this Year" from the Family Court Quarterly Report for the fourth quarter should equal what is entered for Instruction 18(c), "Total Families Served", for Data Report p.3.
A64: a | C64: Total Children Served: Enter the total number of children that meet any of the following characteristics: the child is a party to the case serviced; the child is a child of the marriage in a DR/DC case serviced; the child is a child of the JP case serviced; the child is the ward/proposed ward in a minor GU case serviced.
A65: b | C65: Total Adults Served: Enter the total number of adults that meet any of the following characteristics: the adult is a party to the case serviced; the adult is attempting to be a party to the case serviced; the adult is a parent of a child in a case where the child is a party but the adult is not.
A66: c | C66: Total Families Served: Enter the total number of families that meet any of the following characteristics: the primary family served in a DR/DC/DN case serviced - there will almost always only be one (1) family in such cases; the primary family served in AD/JC/JD/JM/JP/JQ/JT/GU/PO cases serviced - there can be more than one family in these cases, but many times there will only be one (1).
A67: d | C67: Total Pro Se Litigants Served: Enter the total number of adults and children served by the grant as unrepresented parties in any cases serviced. Note: the adults and children of this count must be parties to be counted as a pro se litigant. (e.g., children of a DC case will not generally be included within this count, as they are generally not parties to the DC case.)
A68: 19 | B68: Race/Ethnicity of Children Served: Of the children counted in Instruction 18(a) above, Enter the race/ethnicity of each child based on the direct report from that child or as reported by the child's parent/guardian/custodian.
A69: 20 | B69: Race/Ethnicity of Adults Served: Of the adults counted in Instruction 18(b) above, enter the race/ethnicity of each adult based on the direct report from that adult or as reported by the individual served by the program.
A70: 21 | B70: Total Cases by Primary Case Type: Enter the total number of cases by case type that were serviced during the reporting period. Only count the primary case that was serviced if there were multiple cases in which the child/adult/family was involved but which were not otherwise serviced. Only count multiple cases per child/adult/family if each case counted was serviced. If enetering data in the "Other Civil Family Law" category, you must add information in the Data Report p.6, Notes, to explain why the case type should be considered family law.
A71: 22 | B71: Family Law Case Related Issues: Enter the count of the case-related issues which were directly addressed through services provided by grant dollars. Count these per case serviced, not per child/adult/family. If enetering data in the "Other" category, you must add information in the Data Report p.6, Notes, to explain why the case issue should be considered family law related.
A72: 23 | B72: Referral Source for Family Court Programming: Enter the source which referred the child/adult/family to the services provided by the grant dollars.
A73: 24 | B73: At-Risk Social Factors: Enter the total number of at-risk social factors which are affecting any of the children/adults/families which are serviced by the grant dollars.
A74: Instructions: Data Report p.4 sheet
A75: 25 | B75: Types of Family Court Programming: The source for the data entered in this section is the data entered for Data Report p.3. More specifically, any data entered into cells for the "Identification and/or Coordination of Multiple-Case Families", "ADR Programming," and "Specialized Services for At-Risk Families" for Data Report p.4 must correspond to data that was reported under Instructions 18(a), 18(b), 18(c).
A76: 26 | B76: Average Length of Program (in months): Enter the average length of time, from first engaging program staff until the issue which is being addressed has been finalized, during which the children/adults/families were served by the particular type of programming. For example: parties to a JP case are referred to low-cost mediation supported by grant dollars. Count the time from when the parties are referred to the program, until the mediation services have been completed.
A77: 27 | B77: Identification and/or Coordination of Multiple-Case Families: One Judge-One Family: Count the number of circumstances when multiple cases are intentionally organized by the courts under one specific judicial officer for the purposes of ensuring that orders within those various cases are not in conflict with each other and create a consistent direction for the parties involved.
A78: 28 | B78: Identification and/or Coordination of Multiple-Case Families: Information Sharing: Count the number of circumstances when courts/judicial officers intentionally share information about multiple cases for the purposes of ensuring that orders within those various cases are not in conflict with each other and create a consistent direction for the parties involved.
A79: 29 | B79: ADR Programming: Count the number of referrals to any of the listed, or "other," types of ADR programming supported by grant dollars.
A80: 30 | B80: Specialized Services for At-Risk Families: Count the number of listed, or "other" types of services to which any children/adults were referred, whether the services themselves were supported by grant dollars, or if the individual making the referral was supported by grant dollars.
A81: Instructions: Data Report p.5 sheet
A82: 31 | B82: Project Aims section: This section is where the reporting county describes the specific aims that are detailed in its approved grant application.
B83: a | C83: Left Column: Each specific aim of the project is summarized and identified in the left-hand column.
B84: b | C84: Right Column: The progress that has been made during the reporting period toward each of those aims is summarized and identified in the right-hand column.
A85: 32 | B85: Efforts to Disseminate the Project/Program Findings to benefit Others in the Field: One of the most important aspects of the Family Court Grants is the ability for the benefits of the specific programs from the various counties to be reproduced I other counties. Identify what efforts your program or county has made to disseminate or detail the work that is being done through its Family Court grant program, to whom such information was provided, and when.
A86: Instructions: Additional Notes p.6 sheet
A87: 33 | B87: Notes: This section is where any additional notes regarding any of the required data can be added.
B88: a | C88: Please Do: Add information that is required based on a specific instruction above. Add information that would help explain any special circumstances for your program that do not fit easily within the provided responses. Add information that clarifies any responses provided above.
B89: b | C89: Please Do Not: Add data or information here that should be added in any other required section above. (Adding it here and not in the proper location within the report will not be accepted.)

Sheet Introduction
A1: Fields in yellow are for data entry. Use the links below the form content to advance to the next section, or navigate from section to section using the Sheet Tabs in the lower left of the screen.
B2: Indiana Supreme Court
B3: Office of Court Services
B4: Family Court
B5: ANNUAL REPORT
B6: January 1, 2021-December 31, 2021
A7: Title of Project
A8: Person(s) Preparing Report
A10: Date Report Prepared
A11: Notes | B11: (Do not exceed space provided below)
B13: Continue to Financial Report >
A15: If you would like to print a copy of this report for your records, you can print every page of the report in one step. When you print, in the drop-down list of the Print Settings, rather than "Print Active Sheets," select "Print Entire Workbook."

Sheet Financial Report p.1
A1: Fields in yellow are for data entry. Use the links below the form content to advance to the next section, or navigate from section to section using the Sheet Tabs in the lower left of the screen.
B2: Indiana Supreme Court
B3: Office of Court Services
B4: Family Court
B5: ANNUAL FINANCIAL REPORT
B6: January 1, 2021-December 31, 2021
A8: Income Category | B8: Proposed Budget Current Year | C8: Actual Income Current Year | D8: Anticipted Budget Next Year
A9: A. INCOME
A10: Family Court Grant Amount
A11: Amount Carried Over from Prior Year (if any) | D11: ='Financial Report p.2'!D38 -> 0 | E11: ← Note: This amount is the same as the Anticipated Budget Next Year Total Funds to be Carried Over amount shown on Financial Report p.2 and will reconcile when Actual Expenditures Current Year are added there.
A12: Total Grant Income | B12: =SUM(B10:B11) -> 0 | C12: =SUM(C10:C11) -> 0 | D12: =SUM(D10:D11) -> 0
A13: County Funds Spent (not from FC Grant)
A14: County In Kind Contribution (not money) (please specify below)
A18: Other In Kind Contribution (not money) (please specify below)
A22: Other Income Spent (please specify below):
A26: Total Income | B26: =SUM(B10:B11,B13,B23:B25) -> 0 | C26: =SUM(C10:C11,C13,C23:C25) -> 0 | D26: =SUM(D10:D11,D13,D23:D25) -> 0
A27: < Return to Start Page | B27: Continue to Expenses >

Sheet Financial Report p.2
A1: Fields in yellow are for data entry. Use the links below the form content to advance to the next section, or navigate from section to section using the Sheet Tabs in the lower left of the screen.
B2: Indiana Supreme Court
B3: Office of Court Services
B4: Family Court
B5: ANNUAL FINANCIAL REPORT
B6: January 1, 2021-December 31, 2021
A7: =Introduction!B7 -> 0
A8: Expense Category | C8: Proposed Budget Current Year | D8: Actual Expenditures Current Year | E8: Anticipated Budget Next Year
A9: B. PERSONNEL EXPENDITURES (Please list each position separately)
A10: Personnel Name/Title | C10: Dollar Amount Spent
B11: Salary
B12: Benefits
B13: Salary
B14: Benefits
B15: Salary
B16: Benefits
A17: Total from Additional Personnel Sheet | C17: ='Additional Personnel p.2a'!C38 -> 0 | D17: ='Additional Personnel p.2a'!D38 -> 0 | E17: ='Additional Personnel p.2a'!E38 -> 0
A18: Contract Personnel (Please specify below)
A20: Total Personnel Expenditures | C20: =SUM(C11:C17,C19) -> 0 | D20: =SUM(D11:D17,D19) -> 0 | E20: =SUM(E11:E17,E19) -> 0 | F20: ADD MORE EMPLOYEES OR CONTRACT PERSONNEL >
A21: B. NON-PERSONNEL EXPENDITURES (do not include "in-kind" expenditures)
A22: Rent
A23: Utilities
A24: Equipment
A25: Office Supplies
A26: Telephone
A27: Travel
A28: Training
A29: Postage
A30: Copying and Printing
A31: Dues and Fees
A32: Advertising
A33: Other (Please specify below)
A35: Total Non-Personnel Expenditures | C35: =SUM(C22:C32,C34) -> 0 | D35: =SUM(D22:D32,D34) -> 0 | E35: =SUM(E22:E32,E34) -> 0
A36: Total Expenditures | C36: =SUM(C20,C35) -> 0 | D36: =SUM(D20,D35) -> 0 | E36: =SUM(E20,E35) -> 0
A38: Total Funds to be Carried Over | C38: =('Financial Report p.1'!B26-C36) -> 0 | D38: =('Financial Report p.1'!C26-D36) -> 0 | E38: =('Financial Report p.1'!D26-E36) -> 0
A39: < Back to Income | C39: Continue to Data Report >

Sheet Additional Personnel p.2a
A1: Fields in yellow are for data entry. Use the links below the form content to advance to the next section, or navigate from section to section using the Sheet Tabs in the lower left of the screen.
B2: Indiana Supreme Court
B3: Office of Court Services
B4: Family Court
B5: ANNUAL FINANCIAL REPORT
B6: January 1, 2021-December 31, 2021
A7: =Introduction!B7 -> 0
A8: Expense Category | C8: Proposed Budget Current Year | D8: Actual Expenditures Current Year | E8: Anticipated Budget Next Year
A9: B. ADDITIONAL PERSONNEL EXPENDITURES (Please list each position separately)
B10: Salary
B11: Benefits
B12: Salary
B13: Benefits
B14: Salary
B15: Benefits
B16: Salary
B17: Benefits
B18: Salary
B19: Benefits
A20: Contract Personnel (Please specify below)
A38: Total Additional Personnel Expenditures | C38: =SUM(C10:C37) -> 0 | D38: =SUM(D10:D37) -> 0 | E38: =SUM(E10:E37) -> 0
A39: DONE

Sheet Data Report p.3
A1: Fields in yellow are for data entry. Use the links below the form content to advance to the next section, or navigate from section to section using the Sheet Tabs in the lower left of the screen.
B2: Indiana Supreme Court
B3: Office of Court Services
B4: Family Court
B5: ANNUAL DATA REPORT
B6: January 1, 2021-December 31, 2021
A7: =Introduction!B7 -> 0
A8: Overview of Family Court Programming
A9: Total Children Served | D9: Total Adults Served
A10: Total Families Served | D10: Total Pro Se Litigants
A11: RACE/ETHNICITY OF CHILDREN SERVED
A12: African American | D12: Asian/Pacific Islander
A13: Caucasian (non-Latino) | D13: Hispanic/Latino
A14: Native American | D14: Multi-Racial
A15: Other | D15: Unknown/No Data
A16: RACE/ETHNICITY OF ADULTS SERVED
A17: African American | D17: Asian/Pacific Islander
A18: Caucasian (non-Latino) | D18: Hispanic/Latino
A19: Native American | D19: Multi-Racial
A20: Other (please define) | D20: Unknown/No Data (describe why)
A21: TOTAL CASES BY PRIMARY CASE TYPE
A22: Juvenile CHINS (JC) | D22: Termination of Parental Rights (JT)
A23: Juvenile Delinquency (JD) | D23: Juvenile Miscellaneous (JM)
A24: Juvenile Paternity (JP) | D24: Adult Guardianship (GU)
A25: Adoption (AD) | D25: Minor Guardianship (GU)
A26: Civil Protective Order (PO/JQ) | D26: Domestic Relations with Children (DC)
A27: Grandparent Visitation (MI) | D27: Domestic Relations with No Children (DN)
A28: Other Civil Family Law (describe) | D28: Legal Separation (DC/DN)
A29: FAMILY LAW CASE RELATED ISSUES (count all that apply)
A30: Child Support Establishment | D30: Dissolution of Marriage
A31: Child Support Modification | D31: Custody/Parenting Time Establishment
A32: Child Support Enforcement | D32: Custody/Parenting Time Modifications
A33: Protection Order | D33: Post-Secondary Education Support
A34: Grandparent Visitation | D34: Other | E34: What is it & why it is family law
A35: CHINS | D35: Other | E35: What is it & why it is family law
A36: Adoption | D36: Other | E36: What is it & why it is family law
A37: Establish Guardianship | D37: Other | E37: What is it & why it is family law
A38: REFERRAL SOURCE FOR FAMILY COURT PROGRAMMING
A39: School | D39: Probation
A40: Pro Se Litigant | D40: Judge/Court Staff
A41: Prosecutor/Staff | D41: CASA/Service Provider
A42: Dept. of Child Services | D42: Automatic Referral
A43: Law Enforcement | D43: Attorney
A44: Clerk/Appearance Form | D44: Word of Mouth
A45: Prior Participant | D45: Other | E45: [Please specify]
A46: AT-RISK SOCIAL FACTORS IDENTIFIED (count all that apply)
A47: Substance Abuse | D47: Low Income
A48: Mental Health | D48: Single Parent
A49: Parental Conflict | D49: Educational Issues
A50: Domestic Violence | D50: Child Behavior Issues
A51: Juvenile Detention/ Delinquency | D51: Child Out-of-Home Placement
A52: Child Neglect | D52: Child Abuse
A53: Adult Probation/Jail | D53: Housing Issues
A54: < Back to Financial Report | D54: Continue to Types of Programming >

Sheet Data Report p.4
A1: Fields in yellow are for data entry. Use the links below the form content to advance to the next section, or navigate from section to section using the Sheet Tabs in the lower left of the screen.
C2: Indiana Supreme Court
C3: Office of Court Services
C4: Family Court
C5: ANNUAL DATA REPORT
C6: January 1, 2021-December 31, 2021
A7: =Introduction!B7 -> 0
A8: Types of Family Court Programming
A9: IDENTIFICATION AND/OR COORDINATION OF MULTIPLE-CASE FAMILIES | C9: # of Families | D9: Average Length of Program (in months) | E9: Adults Served | F9: Children Served | G9: Total Persons Served | H9: Total Cases | I9: Average # of Cases per Family
A10: One Judge-One Family | G10: =SUM(E10:F10) -> 0 | I10: =SUM(H10/C10) -> #DIV/0!
A11: Information Sharing | G11: =SUM(E11:F11) -> 0 | I11: =SUM(H11/C11) -> #DIV/0!
A12: Other | B12: (please specify below)
G13: =SUM(E13:F13) -> 0 | I13: =SUM(H13/C13) -> #DIV/0!
A14: ADR PROGRAMMING | C14: # of Families | D14: Average Length of Program (in months) | E14: Adults Served | F14: Children Served | G14: Total Persons Served | H14: # of Full Settle-ments | I14: # of Partial Settle-ments
A15: CHINS Mediation/ Facilitation | G15: =SUM(E15:F15) -> 0
A16: Domestic Relations Mediation/ Facilitation | G16: =SUM(E16:F16) -> 0
A17: Parenting Coordination | G17: =SUM(E17:F17) -> 0
A18: Parental Counseling | G18: =SUM(E18:F18) -> 0
A19: Other | B19: (please specify below)
G20: =SUM(E20:F20) -> 0
A21: SPECIALIZED SERVICES FOR AT-RISK FAMILIES | C21: # of Families | D21: Average Length of Program (in months) | E21: Adults Served | F21: Children Served | G21: Total Persons Served
A22: Service Referral | G22: =SUM(E22:F22) -> 0
A23: Direct Service Case Management | G23: =SUM(E23:F23) -> 0
A24: Truancy Programming | G24: =SUM(E24:F24) -> 0
A25: Protective Order Programming | G25: =SUM(E25:F25) -> 0
A26: Drug Court | G26: =SUM(E26:F26) -> 0
A27: Pro Se Assistance | G27: =SUM(E27:F27) -> 0
A28: Mental Health Related Services | G28: =SUM(E28:F28) -> 0
A29: Other | B29: (please specify below)
G30: =SUM(E30:F30) -> 0
A31: < Back to Overview | C31: Continue to Project Aims and Dissemination Efforts >

Sheet Data Report p.5
A1: Fields in yellow are for data entry. Use the links below the form content to advance to the next section, or navigate from section to section using the Sheet Tabs in the lower left of the screen.
B2: Indiana Supreme Court
B3: Office of Court Services
B4: Family Court
B5: ANNUAL DATA REPORT
B6: January 1, 2021-December 31, 2021
A7: =Introduction!B7 -> 0
A8: Project Aims and Dissemination Efforts of Family Court Programming
A9: STATED PROJECT AIMS | B9: PROGRESS MADE ON EACH AIM
A10: EXAMPLE - AIM 1: Provide opportunity for free mediation to low income families | B10: EXAMPLE - Aim complete: We contracted with four part-time mediators to provide mediation services for low income families.
A11: AIM 1: (Fill in your project aims here) | B11: (Fill in your progress made toward achieving your Aim here)
A12: AIM 2: (Fill in your project aims here) | B12: (Fill in your progress made toward achieving your Aim here)
A13: AIM 3: (Fill in your project aims here) | B13: (Fill in your progress made toward achieving your Aim here)
A14: AIM 4: (Fill in your project aims here) | B14: (Fill in your progress made toward achieving your Aim here)
A15: AIM 5: (Fill in your project aims here) | B15: (Fill in your progress made toward achieving your Aim here)
A16: AIM 6: (Fill in your project aims here) | B16: (Fill in your progress made toward achieving your Aim here)
A17: EFFORTS TO DISSEMINATE THE PROJECT /PROGRAM FINDINGS TO BENEFIT OTHERS IN THE FIELD | B17: TITLE OF PRESENTATION/REPORT/ARTICLE; PLACE PRESENTED/PUBLISHED; DATE; AUTHORS/PRESENTERS
A18: EX: Dissemination Effort 1 | B18: Panel: "How unrepresented litigants can access legal assistance;" County Bar Association; Quarterly Family Law Section meeting; June 2021; John Smith & Jane Johnson
A19: Dissemination Effort 1 | B19: (Fill in your efforts to inform others of your project)
A20: Dissemination Effort 2 | B20: (Fill in your efforts to inform others of your project)
A21: < Back to Types of Programming

Sheet Additional Notes p.6
A1: Fields in yellow are for data entry. Navigate from section to section using the colored Sheet Tabs in the lower left of the screen.
B2: Indiana Supreme Court
B3: Office of Court Services
B4: Family Court
B5: ANNUAL REPORT
B6: January 1, 2021-December 31, 2021
A7: Notes
